| TOP OF THE 1ST |
|
Rocky Mount Leafs batting - Pitching for Lynchburg Hillcats : RHP Steve Ontiveros
|
|
Pitching: RHP Steve Ontiveros
|
|
|
Batting: LHB Oscar Ramirez
|
0-0: Ball 1-0: Ground out U3 (Groundball, 34S, EV 89.4 MPH)
|
|
Batting: RHB Alex Sanchez
|
0-0: Ball 1-0: Called Strike 1-1: Fly out, F3 (Popup, 3SF, EV 70.0 MPH)
|
|
Batting: LHB Larry Ray
|
0-0: Called Strike 0-1: Ball 1-1: Swinging Strike 1-2: Foul Ball, location: 2F 1-2: Ball 2-2: Ball 3-2: Base on Balls
|
|
Batting: RHB Joseph Scherger
|
0-0: Ball 1-0: Called Strike 1-1: SINGLE (Groundball, 6MD, EV 98.8 MPH) Larry Ray to second Runner from 2nd tries for 3rd, SAFE, no throw by CF
|
|
Batting: RHB Glen Bockhorn
|
0-0: Called Strike 0-1: SINGLE (Flyball, 3D, EV 93.1 MPH) Larry Ray scores Joseph Scherger to second Runner from 2nd tries for 3rd, SAFE, throw by RF made to third
|
|
Batting: RHB Theodore Smith
|
0-0: Ball 1-0: Ball 2-0: Called Strike 2-1: Swinging Strike 2-2: Ball 3-2: Foul Ball, location: 2F 3-2: Base on Balls Glen Bockhorn to second
|
|
Batting: RHB Ricardo Villasenor
|
0-0: Foul Ball, location: 2F 0-1: Foul Ball, location: 2F 0-2: Fly out, F8 (Line Drive, 8RD, EV 96.9 MPH)
|
| Top of the 1st over - 1 run, 2 hits, 0 errors, 3 left on base; Rocky Mount 1 - Lynchburg 0 |
| BOTTOM OF THE 1ST |
|
Lynchburg Hillcats batting - Pitching for Rocky Mount Leafs : RHP Luis Machado
|
|
Pitching: RHP Luis Machado
|
|
|
Batting: RHB Ronald Lee
|
0-0: Called Strike 0-1: Foul Ball, location: 2F 0-2: Ball 1-2: Foul Ball, location: 2F 1-2: Foul Ball, location: 2F 1-2: SINGLE (Line Drive, 9S, EV 103.8 MPH)
|
|
Batting: RHB Russ Quetti
|
0-0: Ball 1-0: Called Strike 1-1: Foul Ball, location: 2F 1-2: Ball 2-2: Ground out 5-3 (Groundball, 56S, EV 65.6 MPH) Ronald Lee to second
|
|
Batting: RHB William Lajoie
|
0-0: Fly out, F9 (Line Drive, 9D, EV 92.5 MPH)
|
|
Batting: RHB Richard Witt
|
0-0: Swinging Strike 0-1: Ball 1-1: Swinging Strike 1-2: Ball 2-2: Strikes out looking
|
| Bottom of the 1st over - 0 runs, 1 hit, 0 errors, 1 left on base; Rocky Mount 1 - Lynchburg 0 |
| TOP OF THE 2ND |
|
Rocky Mount Leafs batting - Pitching for Lynchburg Hillcats : RHP Steve Ontiveros
|
|
Batting: RHB Todd Cruz
|
0-0: Ball 1-0: Called Strike 1-1: Called Strike 1-2: Strikes out swinging
|
|
Batting: RHB Emmanuel Sanchez
|
0-0: Fly out, F6 (Popup, 15, EV 87.5 MPH)
|
|
Batting: LHB Oscar Ramirez
|
0-0: Ball 1-0: Ball 2-0: Fly out, F8 (Line Drive, 8RD, EV 88.1 MPH)
|
| Top of the 2nd over - 0 runs, 0 hits, 0 errors, 0 left on base; Rocky Mount 1 - Lynchburg 0 |
| BOTTOM OF THE 2ND |
|
Lynchburg Hillcats batting - Pitching for Rocky Mount Leafs : RHP Luis Machado
|
|
Batting: RHB Kenneth Tillman
|
0-0: Ball 1-0: Called Strike 1-1: Called Strike 1-2: Ball 2-2: DOUBLE (Line Drive, 3D, EV 103.8 MPH)
|
|
Batting: LHB Harold Warner
|
0-0: SINGLE (Groundball, 56S, EV 74.4 MPH) (infield hit) Kenneth Tillman to third
|
|
Batting: RHB Frederic Wade
|
0-0: Ball 1-0: Foul Ball, location: 2F 1-1: Ball 2-1: Foul Ball, location: 2F 2-2: Fly out, F8 (Flyball, 8RD, EV 103.1 MPH) Runner from 3rd tags up, SCORES, throw by CF
|
|
Batting: RHB Jon Corella
|
0-0: Ball 1-0: Called Strike Harold Warner steals 2nd base (no throw) 1-1: Fly out, F3 (Popup, 23F, EV 83.8 MPH)
|
|
Batting: RHB Felix Estrada
|
0-0: Called Strike 0-1: Ball 1-1: Ball 2-1: Foul Ball, location: 2F 2-2: Ball 3-2: Foul Ball, location: 2F 3-2: Strikes out swinging, 2-3 out at first.
|
| Bottom of the 2nd over - 1 run, 2 hits, 0 errors, 1 left on base; Rocky Mount 1 - Lynchburg 1 |
| TOP OF THE 3RD |
|
Rocky Mount Leafs batting - Pitching for Lynchburg Hillcats : RHP Steve Ontiveros
|
|
Batting: RHB Alex Sanchez
|
0-0: Ground out 5-3 (Groundball, 25, EV 79.4 MPH)
|
|
Batting: LHB Larry Ray
|
0-0: Foul Ball, location: 2F 0-1: Fly out, F7 (Flyball, 7, EV 84.4 MPH)
|
|
Batting: RHB Joseph Scherger
|
0-0: Ball 1-0: Ball 2-0: Ball 3-0: Called Strike 3-1: Foul Ball, location: 2F 3-2: Base on Balls
|
|
Batting: RHB Glen Bockhorn
|
0-0: Ball 1-0: Foul Ball, location: 2F 1-1: Called Strike 1-2: Strikes out swinging
|
| Top of the 3rd over - 0 runs, 0 hits, 0 errors, 1 left on base; Rocky Mount 1 - Lynchburg 1 |
| BOTTOM OF THE 3RD |
|
Lynchburg Hillcats batting - Pitching for Rocky Mount Leafs : RHP Luis Machado
|
|
Batting: RHB Ronald Lee
|
0-0: Called Strike 0-1: Ball 1-1: TRIPLE (Flyball, 89XD, EV 97.5 MPH)
|
|
Batting: RHB Russ Quetti
|
0-0: Called Strike 0-1: Fly out, F8 (Flyball, 78D, EV 99.4 MPH) Runner from 3rd tags up, OUT at HOME! 8-2
|
|
Batting: RHB William Lajoie
|
0-0: Ball 1-0: Ball 2-0: Called Strike 2-1: Ball 3-1: Foul Ball, location: 2F 3-2: Foul Ball, location: 2F 3-2: Base on Balls
|
|
Batting: RHB Richard Witt
|
0-0: Ball 1-0: Fly out, F7 (Flyball, 78S, EV 92.5 MPH)
|
| Bottom of the 3rd over - 0 runs, 1 hit, 0 errors, 1 left on base; Rocky Mount 1 - Lynchburg 1 |
| TOP OF THE 4TH |
|
Rocky Mount Leafs batting - Pitching for Lynchburg Hillcats : RHP Steve Ontiveros
|
|
Batting: RHB Theodore Smith
|
0-0: Ball 1-0: Ground out 5-3 (Groundball, 56S, EV 71.3 MPH)
|
|
Batting: RHB Ricardo Villasenor
|
0-0: Ball 1-0: Called Strike 1-1: Fly out, F3 (Popup, 34, EV 70.6 MPH)
|
|
Batting: RHB Todd Cruz
|
0-0: Reached on error, E6 (Groundball, 6, EV 103.8 MPH)
|
|
Batting: RHB Emmanuel Sanchez
|
0-0: Ball 1-0: Ball 2-0: Foul Ball, location: 2F 2-1: Fly out, F8 (Flyball, 8LM, EV 78.8 MPH)
|
| Top of the 4th over - 0 runs, 0 hits, 1 error, 1 left on base; Rocky Mount 1 - Lynchburg 1 |
| BOTTOM OF THE 4TH |
|
Lynchburg Hillcats batting - Pitching for Rocky Mount Leafs : RHP Luis Machado
|
|
Batting: RHB Kenneth Tillman
|
0-0: Ball 1-0: Ball 2-0: Called Strike 2-1: Ball 3-1: Base on Balls
|
|
Batting: LHB Harold Warner
|
0-0: Ball 1-0: Swinging Strike 1-1: Called Strike 1-2: Ball 2-2: Strikes out swinging
|
|
Batting: RHB Frederic Wade
|
0-0: Ball 1-0: Ball 2-0: Grounds into double play, 4-6-3 (Groundball, 34, EV 83.8 MPH)
|
| Bottom of the 4th over - 0 runs, 0 hits, 0 errors, 0 left on base; Rocky Mount 1 - Lynchburg 1 |
| TOP OF THE 5TH |
|
Rocky Mount Leafs batting - Pitching for Lynchburg Hillcats : RHP Steve Ontiveros
|
|
Batting: LHB Oscar Ramirez
|
0-0: Called Strike 0-1: Foul Ball, location: 2F 0-2: Ball 1-2: Ball 2-2: Foul Ball, location: 2F 2-2: Ball 3-2: DOUBLE (Flyball, 78D, EV 108.8 MPH)
|
|
Batting: RHB Alex Sanchez
|
0-0: Bunt missed! 0-1: Ball 1-1: Ball 2-1: Sac Bunt to 2R - play at first, batter OUT! 2-4 Oscar Ramirez to third
|
|
Batting: LHB Larry Ray
|
0-0: Foul Ball, location: 2F 0-1: Swinging Strike 0-2: Ball 1-2: Foul Ball, location: 2F 1-2: Ball 2-2: Ground out 4-3 (Groundball, 4, EV 78.8 MPH) Oscar Ramirez scores
|
|
Batting: RHB Joseph Scherger
|
0-0: Ball 1-0: Ball 2-0: Called Strike 2-1: Ball 3-1: Base on Balls
|
|
Batting: RHB Glen Bockhorn
|
0-0: Called Strike 0-1: Swinging Strike 0-2: Ball 1-2: Strikes out looking
|
| Top of the 5th over - 1 run, 1 hit, 0 errors, 1 left on base; Rocky Mount 2 - Lynchburg 1 |
| BOTTOM OF THE 5TH |
|
Lynchburg Hillcats batting - Pitching for Rocky Mount Leafs : RHP Luis Machado
|
|
Batting: RHB Jon Corella
|
0-0: Ball 1-0: Foul Ball, location: 2F 1-1: Foul Ball, location: 2F 1-2: Ball 2-2: Strikes out looking
|
|
Batting: RHB Felix Estrada
|
0-0: Called Strike 0-1: Ball 1-1: Foul Ball, location: 2F 1-2: Strikes out looking
|
|
Batting: RHB Ronald Lee
|
0-0: Ball 1-0: Ball 2-0: SINGLE (Line Drive, 6, EV 73.8 MPH) (infield hit)
|
|
Batting: RHB Russ Quetti
|
0-0: Ball 1-0: Foul Ball, location: 2F 1-1: Foul Ball, location: 2F 1-2: Strikes out swinging
|
| Bottom of the 5th over - 0 runs, 1 hit, 0 errors, 1 left on base; Rocky Mount 2 - Lynchburg 1 |
| TOP OF THE 6TH |
|
Rocky Mount Leafs batting - Pitching for Lynchburg Hillcats : RHP Steve Ontiveros
|
|
Batting: RHB Theodore Smith
|
0-0: Ground out U3 (Groundball, 34, EV 88.1 MPH)
|
|
Batting: RHB Ricardo Villasenor
|
0-0: Ball 1-0: Foul Ball, location: 2F 1-1: Reached on error, E4 (Groundball, 4, EV 98.8 MPH)
|
|
Batting: RHB Todd Cruz
|
0-0: SINGLE (Groundball, 34D, EV 96.3 MPH) Ricardo Villasenor to second Runner from 2nd tries for 3rd, SAFE, no throw by RF
|
|
Batting: RHB Emmanuel Sanchez
|
0-0: Called Strike 0-1: Ball 1-1: Called Strike 1-2: Foul Ball, location: 2F 1-2: Ball 2-2: Strikes out swinging
|
|
Batting: LHB Oscar Ramirez
|
0-0: Ball 1-0: Reached on error, E9 (Flyball, 9, EV 91.9 MPH) Ricardo Villasenor scores Todd Cruz to third
|
|
Batting: RHB Alex Sanchez
|
0-0: Called Strike 0-1: Swinging Strike 0-2: Foul Ball, location: 2F 0-2: Fly out, F7 (Flyball, 78S, EV 95.0 MPH)
|
| Top of the 6th over - 1 run, 1 hit, 2 errors, 2 left on base; Rocky Mount 3 - Lynchburg 1 |
| BOTTOM OF THE 6TH |
|
Lynchburg Hillcats batting - Pitching for Rocky Mount Leafs : RHP Luis Machado
|
|
Batting: RHB William Lajoie
|
0-0: Foul Ball, location: 2F 0-1: Ball 1-1: Called Strike 1-2: Foul Ball, location: 2F 1-2: Strikes out swinging
|
|
Batting: RHB Richard Witt
|
0-0: Foul Ball, location: 2F 0-1: Ball 1-1: Ball 2-1: Foul Ball, location: 2F 2-2: Ground out 4-3 (Groundball, 4, EV 82.5 MPH)
|
|
Batting: RHB Kenneth Tillman
|
0-0: SINGLE (Line Drive, 3D, EV 100.0 MPH)
|
|
Batting: LHB Harold Warner
|
0-0: Ball Kenneth Tillman is caught stealing 2nd base 2-6
|
| Bottom of the 6th over - 0 runs, 1 hit, 0 errors, 0 left on base; Rocky Mount 3 - Lynchburg 1 |
| TOP OF THE 7TH |
|
Rocky Mount Leafs batting - Pitching for Lynchburg Hillcats : RHP Steve Ontiveros
|
|
Batting: LHB Larry Ray
|
0-0: Ground out 4-3 (Groundball, 4, EV 88.8 MPH)
|
|
Batting: RHB Joseph Scherger
|
0-0: Ball 1-0: DOUBLE (Line Drive, 9LM, EV 92.5 MPH)
|
|
Batting: RHB Glen Bockhorn
|
0-0: Called Strike 0-1: Foul Ball, location: 2F 0-2: Foul Ball, location: 2F 0-2: Strikes out swinging
|
|
Batting: RHB Theodore Smith
|
0-0: Ball 1-0: Foul Ball, location: 2F 1-1: Foul Ball, location: 2F 1-2: Ball 2-2: Strikes out looking
|
| Top of the 7th over - 0 runs, 1 hit, 0 errors, 1 left on base; Rocky Mount 3 - Lynchburg 1 |
| BOTTOM OF THE 7TH |
|
Lynchburg Hillcats batting - Pitching for Rocky Mount Leafs : RHP Luis Machado
|
|
Batting: LHB Harold Warner
|
0-0: Ball 1-0: Called Strike 1-1: Swinging Strike 1-2: Foul Ball, location: 2F 1-2: Strikes out swinging
|
|
Batting: RHB Frederic Wade
|
0-0: Fly out, F8 (Flyball, 8RM, EV 92.5 MPH)
|
|
Batting: RHB Jon Corella
|
0-0: Foul Ball, location: 2F 0-1: DOUBLE (Flyball, 78XD, EV 110.0 MPH)
|
|
Batting: RHB Felix Estrada
|
0-0: SINGLE (Groundball, 4D, EV 105.0 MPH) Jon Corella to third Runner from 3rd tries for Home, SAFE, throw by RF to home
|
|
Batting: RHB Ronald Lee
|
0-0: Called Strike 0-1: Swinging Strike 0-2: Strikes out swinging
|
| Bottom of the 7th over - 1 run, 2 hits, 0 errors, 1 left on base; Rocky Mount 3 - Lynchburg 2 |
| TOP OF THE 8TH |
|
Rocky Mount Leafs batting - Pitching for Lynchburg Hillcats : RHP Steve Ontiveros
|
|
Pitching: RHP Kevin Richards
|
|
|
Batting: RHB Ricardo Villasenor
|
0-0: Swinging Strike 0-1: Fly out, F4 (Line Drive, 4, EV 61.3 MPH)
|
|
Batting: RHB Todd Cruz
|
0-0: Called Strike 0-1: Swinging Strike 0-2: Ball 1-2: Strikes out swinging
|
|
Batting: RHB Emmanuel Sanchez
|
0-0: Ball 1-0: Foul Ball, location: 2F 1-1: SINGLE (Groundball, 5D, EV 104.4 MPH)
|
|
Batting: LHB Oscar Ramirez
|
0-0: Ball 1-0: Called Strike 1-1: Ball 2-1: Foul Ball, location: 2F 2-2: Ball Passed Ball! Emmanuel Sanchez to second 3-2: Fly out, F9 (Flyball, 89S, EV 81.9 MPH)
|
| Top of the 8th over - 0 runs, 1 hit, 0 errors, 1 left on base; Rocky Mount 3 - Lynchburg 2 |
| BOTTOM OF THE 8TH |
|
Lynchburg Hillcats batting - Pitching for Rocky Mount Leafs : RHP Luis Machado
|
|
Batting: RHB Russ Quetti
|
0-0: Foul Ball, location: 2F 0-1: Ball 1-1: Ball 2-1: Ball 3-1: SINGLE (Groundball, 56D, EV 102.5 MPH)
|
|
Batting: RHB Luis A Rivera
|
0-0: Foul Ball, location: 2F 0-1: Fly out, F4 (Line Drive, 4, EV 71.9 MPH)
|
|
Batting: RHB Richard Witt
|
0-0: Called Strike 0-1: Ball 1-1: Fly out, F7 (Flyball, 78S, EV 84.4 MPH)
|
|
Pinch Hitting: LHB Stanley Cannon
|
0-0: Called Strike 0-1: Foul Ball, location: 2F 0-2: Ball 1-2: SINGLE (Groundball, 34D, EV 101.3 MPH) Russ Quetti to second Runner from 2nd tries for 3rd, SAFE, no throw by RF
|
|
Batting: LHB Harold Warner
|
0-0: SINGLE (Groundball, 34D, EV 100.6 MPH) Russ Quetti scores Stanley Cannon to second Runner from 2nd tries for 3rd, SAFE, throw by RF made to third
|
|
Pinch Runner at 3rd Everett Rey:
|
|
|
Batting: RHB Frederic Wade
|
0-0: Ball 1-0: SINGLE (Line Drive, 7S, EV 92.5 MPH) Everett Rey scores Harold Warner to second
|
|
Batting: RHB Jon Corella
|
0-0: Called Strike 0-1: Ball 1-1: Ground out 4-3 (Groundball, 4S, EV 73.1 MPH)
|
| Bottom of the 8th over - 2 runs, 4 hits, 0 errors, 2 left on base; Rocky Mount 3 - Lynchburg 4 |
| TOP OF THE 9TH |
|
Rocky Mount Leafs batting - Pitching for Lynchburg Hillcats : RHP Kevin Richards
|
|
Pitching: RHP Paul Steets
|
|
|
Now in LF: Everett Rey
|
|
|
Batting: RHB Alex Sanchez
|
0-0: Called Strike 0-1: SINGLE (Groundball, 4M, EV 102.5 MPH) (infield hit)
|
|
Batting: LHB Larry Ray
|
0-0: Ball 1-0: Ball 2-0: Ball 3-0: Called Strike 3-1: Foul Ball, location: 2F 3-2: Base on Balls Alex Sanchez to second
|
|
Batting: RHB Joseph Scherger
|
0-0: Ball 1-0: Ball 2-0: Ball 3-0: Called Strike 3-1: Swinging Strike 3-2: Base on Balls Alex Sanchez to third Larry Ray to second
|
|
Batting: RHB Glen Bockhorn
|
0-0: Called Strike 0-1: Ball 1-1: Fly out, F9 (Flyball, 9LM, EV 77.5 MPH) Runner from 3rd tags up, SCORES, throw by RF Larry Ray to third
|
|
Batting: RHB Theodore Smith
|
0-0: Called Strike 0-1: Swinging Strike 0-2: Ball 1-2: Strikes out swinging
|
|
Batting: RHB Ricardo Villasenor
|
0-0: Ball 1-0: Foul Ball, location: 2F 1-1: Ball 2-1: Reached on error, E7 (Flyball, 7D, EV 96.3 MPH) Larry Ray scores Joseph Scherger to third
|
|
Batting: RHB Todd Cruz
|
0-0: Called Strike 0-1: Ball 1-1: Foul Ball, location: 2F 1-2: Strikes out looking
|
| Top of the 9th over - 2 runs, 1 hit, 1 error, 2 left on base; Rocky Mount 5 - Lynchburg 4 |
| BOTTOM OF THE 9TH |
|
Lynchburg Hillcats batting - Pitching for Rocky Mount Leafs : RHP Luis Machado
|
|
Pitching: RHP Edgar Cruz
|
|
|
Batting: RHB Felix Estrada
|
0-0: Foul Ball, location: 2F 0-1: Ball 1-1: Ground out 6-3 (Groundball, 56D, EV 89.4 MPH)
|
|
Batting: RHB Ronald Lee
|
0-0: Fly out, F6 (Popup, 6D, EV 71.3 MPH)
|
|
Batting: RHB Russ Quetti
|
0-0: Called Strike 0-1: Called Strike 0-2: Foul Ball, location: 2F 0-2: Foul Ball, location: 2F 0-2: Strikes out swinging
|
| Bottom of the 9th over - 0 runs, 0 hits, 0 errors, 0 left on base; Rocky Mount 5 - Lynchburg 4 |
|